 Dungeon Sprint DCSS version 0.24-a0-244-ga6a6ab7 (webtiles) character file.

Game seed: 7629544098720469399

39 MikeHunt the Cudgeler (level 3, -5/34 HPs)
             Began as a Gargoyle Abyssal Knight on Apr 11, 2019.
             Was a Priest of Lugonu.
             Slain by a water elemental (7 damage)
             ... in the Dungeon (Sprint III: "The Ten Rune Challenge").
             The game lasted 00:01:58 (187 turns).

MikeHunt the Cudgeler (Gargoyle Abyssal Knight)      Turns: 187, Time: 00:01:58

Health: -5/34      AC:  6    Str: 20    XL:     3   Next: 47%
Magic:  5/5        EV: 11    Int: 12    God:    Lugonu [***...]
Gold:   18         SH:  0    Dex: 10    Spells: 2/2 levels left

rFire    . . .     SeeInvis .   a - +1 mace
rCold    . . .     Gourm    .   (no shield)
rNeg     + . .     Faith    .   b - +0 leather armour
rPois    ∞         Spirit   .   (no helmet)
rElec    +         Reflect  .   (no cloak)
rCorr    .         Harm     .   (no gloves)
MR       .....     NoTele   +   (no boots)
Stlth    ..........             (no amulet)
HPRegen  0.11/turn              (no ring)
MPRegen  0.09/turn              (no ring)

@: berserking, engulfed, very quick
A: negative energy resistance 1, electricity resistance, unbreathing,
petrification resistance, rot immunity, AC +3
a: Bend Space, Banish, Renounce Religion


You were in the Dungeon.
You worshipped Lugonu.
Lugonu was most pleased with you.
You were not hungry.

You visited 1 branch You collected 18 gold pieces.

Inventory:

Hand Weapons
 a - a +1 mace (weapon)
Armour
 b - a +0 leather armour (worn)
Scrolls
 i - a scroll of blinking
 k - a scroll of amnesia {unknown}
 l - 2 scrolls of holy word {unknown}
 m - 2 scrolls of identify {unknown}
 n - 4 scrolls of remove curse
Potions
 d - a potion of curing
 e - 2 potions of mutation {unknown}
 f - a potion of haste
 g - 2 potions of magic
 h - a potion of berserk rage
 o - a potion of might {unknown}
 p - 2 potions of flight
 q - a potion of cancellation {unknown}
Comestibles
 c - 3 rations
 j - 3 chunks of flesh {@w1}


   Skills:
 - Level 3.2 Fighting
 + Level 6.0 Maces & Flails
 - Level 2.1 Armour
 - Level 0.7 Dodging
 + Level 3.9 Invocations


You had 2 spell levels left.
You didn't know any spells.
Your spell library was empty.

Dungeon Overview and Level Annotations

Branches:
Dungeon (1/1)

Altars:


Innate Abilities, Weirdness & Mutations

You are resistant to torment.
Your stone body is resilient. (AC +3)
You are immune to poison.
You resist negative energy. (rN+)
You are resistant to electric shocks. (rElec)
You can survive without breathing.
You are immune to petrification.
You are immune to rotting.


Message History

You hit the water elemental.
The water elemental is moderately damaged.
The water elemental barely misses you.
You sock the water elemental!
The water elemental is severely damaged.
The water elemental hits you!
Ouch! That really hurt!
* * * LOW HITPOINT WARNING * * *
You slip free of the water engulfing you.
A red film seems to cover your vision as you go berserk!
You feel yourself moving faster!
You feel mighty! The water elemental hits you.
* * * LOW HITPOINT WARNING * * *
The water elemental engulfs you in water!
You hit the water elemental.
The water elemental is severely damaged.
The water elemental barely misses you.
You barely miss the water elemental.
The water elemental is severely damaged.
The water elemental hits you!
You die...

▓▓▓▓▓▓▓▓▓▓▓▓▓ ▓▓▓
▓<.#..'.....♣ ♣.#
▓..#..#....♣♣ ♣.#
▓#'####....♣♣♣ ..#
▓..÷..#....≈.♣♣♣♣.###+#+#
▓.....#...≈≈♣.....#......
▓....(#..≈≈≈≈.♣♣♣.'.⌠....
▓####'#..≈≈≈≈≈≈.@E#...###
▓...÷÷#.≈≈≈≈≈≈....# ⌠.#
▓.....#.≈≈≈≈≈.....# .#
▓.....#.≈≈≈.......# #
▓'#####...........#
▓.................#
▓▓▓▓▓▓▓▓▓▓▓▓▓▓▓▓▓▓▓


You could see a water elemental.

Vanquished Creatures
  A human (D)
  A wolf (D)
  An ooze (D)
  3 rats (D)
6 creatures vanquished.

Vanquished Creatures (others)
  A draconian scorcher (D)
  6 hellions (D)
  A yaktaur (D)
  3 plants (D)
11 creatures vanquished.

Grand Total: 17 creatures vanquished

Notes
Turn   | Place    | Note
-------+----------+-------------------------------------------
     0 | D        | MikeHunt the Gargoyle Abyssal Knight began the quest for
                  | the Orb.
     0 | D        | Reached XP level 1. HP: 14/14 MP: 2/2
     7 | D        | Reached skill level 3 in Maces & Flails
    10 | D        | Reached ** piety under Lugonu
    10 | D        | Reached skill level 4 in Maces & Flails
    22 | D        | Reached XP level 2. HP: 14/19 MP: 3/3
    49 | D        | Killed a yaktaur
    85 | D        | Killed a hellion
   106 | D        | Killed a hellion
   106 | D        | Killed a hellion
   107 | D        | Killed a hellion
   107 | D        | Killed a hellion
   107 | D        | Killed a hellion
   122 | D        | Reached skill level 5 in Maces & Flails
   122 | D        | Reached XP level 3. HP: 23/23 MP: 2/5
   144 | D        | Reached *** piety under Lugonu
   144 | D        | Reached skill level 6 in Maces & Flails
   178 | D        | Noticed a water elemental
   178 | D        | Killed a white draconian scorcher
   187 | D        | Slain by a water elemental

Levels and vault maps discovered:
D:        dungeon_sprint_mu [sprint_mu_entry_forest, sprint_mu_temple_rooms,
          sprint_mu_d1_horrors, sprint_mu_d2_genie, sprint_mu_d3_branching,
          sprint_mu_orc_legion, sprint_mu_elf_gauntlet, sprint_mu_hive_nellie,
          sprint_mu_lair_fedhas, sprint_mu_vaults_butterflies,
          sprint_mu_slime_circle, sprint_mu_swamp_cave, sprint_mu_shoals_kraken,
          sprint_mu_blade_basic, sprint_mu_crypt_fortress,
          sprint_mu_tomb_spiral, sprint_mu_vestibule_basic,
          sprint_mu_gehenna_hellfire, sprint_mu_dis_giant,
          sprint_mu_tartarus_statrot, sprint_mu_cocytus_islands, sprint_mu_zot1]

Skill      XL: |  1  2  3 |
---------------+----------+-----
Maces & Flails | 4 5 6 |  6.0
Invocations    | 3 |  3.9
Fighting       | |  3.2
Armour         | |  2.1
Dodging        | |  0.7

Action                   || total
-------------------------++-------
Melee: Mace              ||    44
Invok: Bend Space        ||     1
  Use: Potion            ||     2
Armor: Leather armour    ||    16
Dodge: Dodged            ||    29

Table legend:
 A = Non-vault XP
 B = Vault XP
 C = Vault XP percentage of total XP
 D = Non-vault monster count
 E = Vault monster count
 F = Vault count percentage of total count
                 A         B        C        D         E       F
            +---------+---------+-------+---------+---------+-------
      Total |       0 |      57 | 100.0 |       0 |       6 | 100.0
            +---------+---------+-------+---------+---------+-------
          D |       0 |      57 | 100.0 |       0 |       6 | 100.0
            +---------+---------+-------+---------+---------+-------
